 Dungeon Crawl Stone Soup version 0.19-a0-36-g4a0968a (webtiles) character file.

52 M4edhros the Grave Robber (level 3, 0/21 HPs)
             Began as an Octopode Necromancer on May 3, 2016.
             Succumbed to a worker ant's poison
             ... on level 6 of the Dungeon.
             The game lasted 00:03:47 (538 turns).

M4edhros the Grave Robber (Octopode Necromancer)     Turns: 538, Time: 00:03:48

Health: 0/21       AC:  1    Str:  6 (7)  XL:     3   Next: 85%
Magic:  2/6        EV: 12    Int: 16 (17) God:
Gold:   96         SH:  0    Dex: 13      Spells: 3 memorised, 1 level left

rFire  . . .     SeeInvis .       - Unarmed
rCold  . . .     Gourm    .     (no shield)
rNeg   . . .     Faith    .     (helmet restricted)
rPois  .         Spirit   .     (no amulet)
rElec  .         Dismiss  .     (no ring)
rCorr  .         Reflect  .     (no ring)
SustAt .         Harm     .     (no ring)
MR     .....                    (no ring)
Stlth  +++.......               (no ring)
                                (no ring)
                                (no ring)
                                (no ring)

@: lethally poisoned (0 -> -8), not resistant to hostile enchantments, fairly
stealthy
A: almost no armour, amphibious, 8 rings, constrict 8, camouflage 1, gelatinous
body 1
a: no special abilities


You were on level 6 of the Dungeon.
You were not hungry.

You visited 1 branch of the dungeon, and saw 5 of its levels.

You collected 96 gold pieces.

Inventory:

Scrolls
 c - 2 scrolls of remove curse {unknown}
 d - 2 scrolls of identify {unknown}
Books
 a - a book of Necromancy

   Spells                             Type                      Level
   a - Pain                           Necromancy                   1
   b - Animate Skeleton               Necromancy                   1
   c - Vampiric Draining              Necromancy                   3
   d - Regeneration                   Charms/Necromancy            3
   e - Animate Dead                   Necromancy                   4
   f - Control Undead                 Necromancy                   4
Comestibles
 b - 2 bread rations
 f - a slice of pizza


   Skills:
 - Level 2.0 Dodging
 - Level 2.6 Stealth
 + Level 3.3 Unarmed Combat
 - Level 2.0 Spellcasting
 - Level 4.0 Necromancy


You had one spell level left.
You knew the following spells:

 Your Spells              Type           Power        Failure   Level  Hunger
a - Pain                  Necr           ##..         4%          1    #......
b - Animate Skeleton      Necr           N/A          4%          1    #......
r - Regeneration          Chrm/Necr      #.........   28%         3    ###....


Dungeon Overview and Level Annotations

Branches:
Dungeon (6/15)
 Temple: D:4-7

Altars:
Dithmenos
Pakellas

Annotations:
D:4 1 exclusion
D:5 Eustachio


Innate Abilities, Weirdness & Mutations

You cannot wear most types of armour.
You are amphibious.
You can wear up to eight rings at the same time.
You can use your tentacles to constrict eight enemies at once.
Your skin changes colour to match your surroundings (Stealth).
Your rubbery body absorbs attacks (AC +1).


Message History

* * * LOW HITPOINT WARNING * * *
You are lethally poisoned!
The worker ant poisons you!
You tentacle-slap the worker ant.
You kill the worker ant!
Your Unarmed Combat skill increases to level 3!
You feel your dexterity returning.
* * * LOW HITPOINT WARNING * * *
You feel sick.
Casting: Regeneration
Confirm with . or Enter, or press ? or * to list all spells.
You don't have enough magic to cast that spell.
You aren't carrying any potions.
* * * LOW HITPOINT WARNING * * *
You feel sick.
* * * LOW HITPOINT WARNING * * *
You feel sick.
* * * LOW HITPOINT WARNING * * *
You feel sick.
You die...

.. .####. ...#.##### #
#.......# .## #... ...#
....
...#.#.###.#######...##
.......................
....##.##>..@.<...$.$.
. #.##.............
#....##.##.#....#
#.#####.# .# .... #.#
#.# ># ..# #.. ..# .#
.# #.# ### .# # #.# ..
#.#


There were no monsters in sight!

Vanquished Creatures
  A worker ant (D:6)
  2 adders (D:5)
  An adder skeleton (D:4)
  A giant gecko (D:4)
  A bat (D:4)
  A goblin (D:1)
  A giant newt (D:4)
8 creatures vanquished.

Vanquished Creatures (others)
  A plant (D:4)
1 creature vanquished.

Grand Total: 9 creatures vanquished

Notes
Turn   | Place    | Note
--------------------------------------------------------------
     0 | D:1      | M4edhros the Octopode Necromancer began the quest for the Orb.
     0 | D:1      | Reached XP level 1. HP: 11/11 MP: 3/3
    46 | D:1      | Learned a level 1 spell: Animate Skeleton
    53 | D:2      | Found an oddly glowing altar of Pakellas.
   114 | D:2      | Found a shadowy altar of Dithmenos.
   122 | D:2      | You fall through a shaft for 2 floors!
   156 | D:4      | Reached skill level 1 in Unarmed Combat
   156 | D:4      | Reached XP level 2. HP: 11/17 MP: 5/5
   335 | D:4      | Noticed a scorpion
   351 | D:5      | Entered Level 5 of the Dungeon
   351 | D:5      | Noticed Eustachio
   479 | D:5      | Reached XP level 3. HP: 11/21 MP: 2/6
   491 | D:6      | Learned a level 3 spell: Regeneration
   536 | D:6      | HP: 1/21 [poisoned by a worker ant]
   538 | D:6      | Succumbed to a worker ant's poison

Vault maps used:
D:1:      matt_arrival_los_fun, serial_bayou_pond_c, roderic_bipointed_swastika
D:2:      lemuel_round_altar, tso_metal_star, bloody_makhleb,
          lemuel_round_altar, amethyst_overflow_temple_binary, uniq_sigmund
D:4:      kennysheep_kobold_camp, first_bread, roderic_batcave
D:5:      minmay_temple_entry_grid, glass_columns_c, moated_statue,
          uniq_eustachio, uniq_menkaure
D:6:      zin_treasury, uniq_crazy_yiuf_cottage

Skill      XL: |  1  2  3 |
---------------+----------+-----
Unarmed Combat | 1 2 3 |  3.3
Dodging        | |  2.0
Stealth        | |  2.6
Spellcasting   | |  2.0
Necromancy     | |  4.0

Action                   || total
-------------------------++-------
Melee: Unarmed           ||    20
       Tentacles         ||     3
       Constrict         ||     4
 Cast: Pain              ||    14
       Regeneration      ||     2
  Use: Potion            ||     3
 Stab: Sleeping          ||     2
Armor: Skin              ||     1
Dodge: Dodged            ||    15
